 Dungeon Crawl Stone Soup version 0.27.1-4-g1640c2035a (webtiles) character file.

Game seed: 14249588625178771510

161 zeram the Covert (level 5, -9/34 HPs)
             Began as an Octopode Brigand on Nov 11, 2021.
             Mangled by an ogre (16 damage)
             ... on level 4 of the Dungeon.
             The game lasted 00:03:44 (3148 turns).

zeram the Covert (Octopode Brigand)                 Turns: 3148, Time: 00:03:45

Health: -9/34      AC:  1    Str: 10    XL:     5   Next: 42%
Magic:  5/5        EV: 13    Int: 14    God:
Gold:   111        SH:  0    Dex: 14    Spells: 4/4 levels left

rFire    . . .     SeeInvis .   e - +4 dagger
rCold    . . .     Faith    .   (no shield)
rNeg     . . .     Spirit   .   (helmet restricted)
rPois    .         Reflect  .   (no amulet)
rElec    .         Harm     .   (no ring)
rCorr    .         Rampage  .   (no ring)
Will     .....                  (no ring)
Stlth    +++++.....             (no ring)
HPRegen  0.11/turn              (no ring)
MPRegen  0.09/turn              (no ring)
                                (no ring)
                                (no ring)

@: no status effects
A: almost no armour, amphibious, 8 rings, camouflage 1, gelatinous body 1,
(nimble swimmer 1), tentacles
a: no special abilities


You were on level 4 of the Dungeon.
You visited 1 branch of the dungeon, and saw 4 of its levels.

You collected 111 gold pieces.

Inventory:

Hand Weapons
 a - a +2 dagger
 e - a +4 dagger (weapon)
Missiles
 b - 8 poisoned darts (quivered)
 c - 2 curare-tipped darts
 o - 2 throwing nets
Jewellery
 p - the ring of Zirchutu {rPois Will- Dex+5 Stlth+}
   (You acquired it on level 4 of the Dungeon)

   [ring of poison resistance]

   Dex:       It affects your dexterity (+5).
   rPois:     It protects you from poison.
   Will:      It decreases your willpower.
   Stlth:     It makes you more stealthy.
Scrolls
 f - a scroll of magic mapping
 i - a scroll of amnesia
 j - 2 scrolls of acquirement
 l - a scroll of identify
 m - 3 scrolls of fear {unknown}
 n - 2 scrolls of teleportation {unknown}
Potions
 d - a potion of might {unknown}
 g - a potion of curing
 h - a potion of resistance
 k - a potion of degeneration


   Skills:
 - Level 2.0 Fighting
 + Level 3.2 Short Blades
 - Level 2.0 Throwing
 + Level 1.3 Dodging
 + Level 8.1 Stealth


You had 4 spell levels left.
You didn't know any spells.
Your spell library was empty.

Dungeon Overview and Level Annotations

Branches:
Dungeon (4/15)
 Temple: D:4-7

Altars:
Nemelex Xobeh


Innate Abilities, Weirdness & Mutations

You cannot wear most types of armour.
You are amphibious.
You can wear up to eight rings at the same time.
Your skin changes colour to match your surroundings (Stealth+).
Your rubbery body absorbs attacks. (AC +1, EV +1)
((You are camouflaged near water. (Stealth+)))
You have tentacles for arms and can constrict up to eight enemies at once.


Message History

You closely miss the ball python. You grab the ball python.
You squeeze the ball python.
You kill the ball python!
The goblin unwields a +0 dagger.
The goblin wields a +0 hunting sling.
The goblin shoots a stone.
The stone barely misses you. The hound bites you. The hound misses you.
The hound bites you.
There is an open door here.
You hit the hound. You grab the hound.
The hound is lightly wounded.
You constrict the hound, but do no damage.
The hound closely misses you. The hound barely misses you.
You hit the hound.
You squeeze the hound, but do no damage.
The hound is heavily wounded.
You constrict the hound. The hound bites you.
You barely miss the hound.
You squeeze the hound, but do no damage.
The hound is severely wounded.
You constrict the hound, but do no damage.
The hound barely misses you.
You hit the hound.
The hound is almost dead.
You constrict the hound. The hound completely misses you.
You hit the hound.
You kill the hound!
Your Stealth skill increases to level 8!
Okay, then.
You hit the ogre. You squeeze the ogre.
The ogre is moderately wounded.
The ogre hits you with a +0 giant club!
* * * LOW HITPOINT WARNING * * *
The goblin shoots a stone.
The stone closely misses you.
The goblin shoots a stone.
The stone barely misses you.
This is a scroll of acquirement!
Something appears before you!
p - the ring of Zirchutu {rPois Will- Dex+5 Stlth+} The ogre hits you with a +0 giant club!
You die...

##.......##...##.......
#........##†..##......#
#........#....##......#
##†########...........#
#.......##.....^.....#
#.g..................#
#.......##...##......#
#....O..##...##......+
#....@.......#.......#
#............#######'#
#............##......#
#.......##...#........
##########...#....†...
#....#........
#....#........
##...##.......
##...##...##.#


You could see an ogre and a goblin.

Vanquished Creatures
  2 hounds
  A hound skeleton (D:4)
  An adder (D:2)
  A gnoll (D:1)
  2 worms
  4 orcs
  3 bats
  6 endoplasms
  A giant cockroach (D:4)
  7 goblins
  8 hobgoblins
  4 jackals
  2 quokkas
  3 ball pythons
  2 frilled lizards (D:1)
  5 kobolds
  5 rats
57 creatures vanquished.

Notes
Turn   | Place    | Note
-------+----------+-------------------------------------------
     0 | D:1      | zeram the Octopode Brigand began the quest for the Orb.
     0 | D:1      | Reached XP level 1. HP: 14/14 MP: 1/1
    45 | D:1      | Found a faded altar of an unknown god.
    85 | D:1      | Reached XP level 2. HP: 9/19 MP: 2/2
   373 | D:1      | Reached skill level 6 in Stealth
   568 | D:1      | Reached XP level 3. HP: 4/24 MP: 3/3
  1269 | D:2      | Found a sparkling altar of Nemelex Xobeh.
  2035 | D:3      | Reached XP level 4. HP: 29/29 MP: 4/4
  2039 | D:3      | Reached skill level 7 in Stealth
  2936 | D:4      | Reached XP level 5. HP: 34/34 MP: 5/5
  3125 | D:4      | Noticed an ogre
  3142 | D:4      | Reached skill level 8 in Stealth
  3147 | D:4      | Identified 3 scrolls of acquirement
  3147 | D:4      | Acquired the ring of Zirchutu {rPois Will- Dex+5 Stlth+}
  3148 | D:4      | Mangled by an ogre

Illustrated notes

Levels and vault maps discovered:
D:1:      saegor_arrival_simple_c, layout_basic, shapermc_ecumenical_altar_venn,
          minmay_misc_feat_ornament, minmay_stone_trees_small,
          hangedman_decor_slide_cut
D:2:      layout_loops_ring, basic_altar
D:3:      layout_loops_ring, dk_noncrumbling_2
D:4:      layout_gridville, slow_altar_2, nicolae_stop_n_shop_2

Skill      XL: |  1  2  3  4  5 |
---------------+----------------+-----
Stealth        | 6 7 8 |  8.1
Short Blades   | 3 |  3.2
Fighting       | |  2.0
Throwing       | |  2.0
Dodging        | |  1.3

Action                   |  1- 3 |  4- 6 || total
-------------------------+-------+-------++-------
Melee: Dagger            |    51 |    40 ||    91
       Constrict         |    11 |     9 ||    20
       Tentacles         |     9 |    10 ||    19
  Use: Potion            |     1 |       ||     1
       Scroll            |     2 |     5 ||     7
 Stab: Sleeping          |    13 |    13 ||    26
Armor: Skin              |     1 |     2 ||     3
Dodge: Dodged            |    13 |    21 ||    34
